 Dungeon Crawl Stone Soup version 0.32-a0-953-g508020473e (webtiles) character file.

Game seed: 3823073826545651231

53 dialectric the Shield-Bearer (level 3, 0/33 HPs)
             Began as a Minotaur Fighter on Apr 16, 2024.
             Slain by a gnoll
             ... wielding a +2 spear of freezing
              (1 damage)
             ... on level 2 of the Dungeon.
             The game lasted 00:01:09 (1353 turns).

dialectric the Shield-Bearer (Minotaur Fighter)     Turns: 1353, Time: 00:01:09

Health: 0/33       AC:  7    Str: 22    XL:     3   Next: 64%
Magic:  2/2        EV:  8    Int:  5    God:
Gold:   136        SH:  0    Dex:  9    Spells: 2/2 levels left

rFire   + . .        a - +0 flail
rCold   . . .        (no shield)
rNeg    . . .        b - +0 scale mail
rPois   .            (helmet restricted)
rElec   .            (no cloak)
rCorr   .            (no gloves)
SInv    .            (no boots)
Will    .....        (no amulet) Stlth
                     g - ring of protection from fire
HPRegen 0.25/turn    (no ring)
MPRegen 0.08/turn

%: no passive effects
@: mighty
A: horns 2, retaliatory headbutt
a: no special abilities


You were on level 2 of the Dungeon.
You visited 1 branch of the dungeon, and saw 2 of its levels.

You collected 136 gold pieces.

Inventory:

Hand Weapons
 a - a +0 flail (weapon)
Missiles
 l - 4 poisoned darts (quivered)
Armour
 b - a +0 scale mail (worn)
 c - a +0 buckler
Jewellery
 g - a ring of protection from fire (left hand)
Wands
 i - a wand of polymorph (7)
Scrolls
 j - a scroll of summoning {unknown}
 k - 2 scrolls of vulnerability {unknown}
 m - a scroll of silence {unknown}
Potions
 e - a potion of attraction {unknown}
 f - a potion of haste {unknown}
 h - a potion of ambrosia {unknown}


   Skills:
 + Level 4.2 Fighting
 + Level 3.2 Maces & Flails
 + Level 4.2 Armour
 + Level 4.2 Shields


You had 2 spell levels left.
You didn't know any spells.
Your spell library contained the following spells:

 Spells                   Type           Power      Damage    Failure   Level
 Call Imp                 Summ           0%         N/A       90%         2
 Sublimation of Blood     Necr           0%         N/A       90%         2
 Summon Hydra             Summ           0%         N/A       100%        7


Dungeon Overview and Level Annotations

Branches:
Dungeon (2/15)

Altars:


Innate Abilities, Weirdness & Mutations

You have a pair of horns on your head.
You reflexively headbutt those who attack you in melee.


Message History

Unknown command.
The gnoll attacks as it pursues you! The gnoll barely misses you.
You see here a +0 club.
The bat hits you but does no damage. The gnoll misses you.
The gnoll hits you but does no damage. The gnoll hits you with a +0 club.
The gnoll attacks as it pursues you! The gnoll closely misses you.
The gnoll hits you from afar with a +0 halberd.
The bat closely misses you. x2
The bat misses you. The gnoll attacks as it pursues you!
The gnoll hits you with a +0 club. The gnoll attacks as it pursues you!
The gnoll hits you from afar with a +2 spear of freezing.
The gnoll freezes you. The bat hits you but does no damage. x2
You feel very mighty all of a sudden. The bat hits you but does no damage.
The bat hits you but does no damage. The gnoll barely misses you.
The bat hits you but does no damage. The gnoll hits you with a +0 halberd.
The gnoll barely misses you. You furiously retaliate!
You headbutt the gnoll! The bat closely misses you.
The gnoll closely misses you.
You barely miss the gnoll.
The gnoll is severely wounded.
The bat barely misses you. You furiously retaliate!
You headbutt the bat!
You kill the bat!
The gnoll hits you with a +0 halberd! The gnoll barely misses you.
You furiously retaliate!
You headbutt the gnoll.
The gnoll hits you from afar with a +2 spear of freezing.
* * * LOW HITPOINT WARNING * * *
The gnoll freezes you.
* * * LOW HITPOINT WARNING * * *
The gnoll hits you with a +0 halberd.
* * * LOW HITPOINT WARNING * * *
The gnoll hits you but does no damage.
You closely miss the gnoll. Your headbutt misses the gnoll.
The gnoll is almost dead.
The gnoll hits you from afar with a +2 spear of freezing.
* * * LOW HITPOINT WARNING * * *
The gnoll freezes you.
You die...

#.# #.. #.# #.# ####
#.# .... #.# #.####
## #.# #..... .. #.#
######
####.#######@#####..
.##....
...........gg.......
.......
###.(...).lg..###..
.##.#..
#.....#######..#
###.#.. #.... #..#
....... #... #..###
###.#.. #..
####..#.. ......# #.
#.....#.# ###.... #
####.###.#.# #.#.#


You could see 3 gnolls and a frilled lizard.

Vanquished Creatures
  An adder (D:2)
  2 dart slugs
  A ribbon worm (D:2)
  4 endoplasms (D:1)
  6 goblins
  5 hobgoblins (D:1)
  5 jackals (D:1)
  A quokka (D:1)
  2 ball pythons (D:1)
  2 bats
  2 frilled lizards
  2 kobolds
  A rat (D:2)
34 creatures vanquished.

Notes
Turn   | Place    | Note
-------+----------+-------------------------------------------
     0 | D:1      | dialectric the Minotaur Fighter began the quest for the
                  | Orb.
     0 | D:1      | Reached XP level 1. HP: 19/19 MP: 0/0
   289 | D:1      | Reached XP level 2. HP: 27/27 MP: 1/1
   602 | D:1      | Reached XP level 3. HP: 33/33 MP: 2/2
  1353 | D:2      | HP: 1/33 [gnoll/+2 spear of freezing (4)]
  1353 | D:2      | Slain by a gnoll

Illustrated notes

Levels and vault maps discovered:
D:1:      scummos_arrival_checkerplants, layout_loops_corners
D:2:      cheibrodos_pilgrimage, layout_basic, chequers_serial_rivers_micro_b

Skill      XL: |  1  2 |
---------------+-------+-----
Shields        | 4 |  4.2
Armour         | 4 |  4.2
Fighting       | 4 |  4.2
Maces & Flails | 3 |  3.2

Action                     || total
---------------------------++-------
  Melee: Flail             ||    62
         Headbutt          ||     7
  Throw: Dart              ||     3
    Use: Potion            ||     1
 Armour: Scale mail        ||    60
  Dodge: Dodged            ||    35

Table legend: (Time is in decaauts)
 A = Elapsed time spent in this place.
 B = Non-inter-level travel time spent in this place.
 C = Inter-level travel time spent in this place.
 D = Time resting spent in this place.
 E = Time spent auto-exploring this place.
 F = Levels seen in this place.
 G = Mean time per level.
                   A        B        C        D        E       F      G
               +--------+--------+--------+--------+--------+-----+--------+
         Total |   1368 |   1323 |     45 |      0 |   1085 |   2 |  684.0 |
       Dungeon |   1368 |   1323 |     45 |      0 |   1085 |   2 |  684.0 |
               +--------+--------+--------+--------+--------+-----+--------+

Top non-repeatable levels by time:
     D:1: 846 daAuts
     D:2: 522 daAuts
